 Dungeon Crawl Stone Soup version 0.30-a0-458-g86641cc369 (webtiles) character file.

Game seed: 10833083657242909251

294 Dramamine the Magician (level 6, -15/42 HPs)
             Began as an Octopode Fire Elementalist on Dec 14, 2022.
             Killed from afar by a steam dragon (17 damage)
             ... with a ball of steam
             ... on level 4 of the Dungeon.
             The game lasted 00:22:35 (3160 turns).

Dramamine the Magician (Octopode Fire Elementalist) Turns: 3160, Time: 00:22:35

Health: -15/42     AC:  1    Str:  7    XL:     6   Next: 33%
Magic:  12/12      EV: 13    Int: 19    God:
Gold:   150        SH:  0    Dex: 13    Spells: 6/13 levels left

rFire   . . .      SeeInvis +    a - +5 trident of Weak False Accusations {vorpal, SInv}
rCold   . . .      Faith    .    (no shield)
rNeg    . . .      Spirit   .    (helmet restricted)
rPois   .          Reflect  .    (no amulet)
rElec   .          Harm     .    (no ring)
rCorr   .          Rampage  .    (no ring)
Will    .....                    (no ring)
Stlth   +++.......               (no ring)
HPRegen 0.27/turn                (no ring)
MPRegen 0.13/turn                (no ring)
                                 (no ring)
                                 (no ring)

@: mighty
A: almost no armour, amphibious, 8 rings, camouflage 1, gelatinous body 1,
(nimble swimmer 1), tentacles
a: no special abilities


You were on level 4 of the Dungeon.
You visited 1 branch of the dungeon, and saw 4 of its levels.

You collected 200 gold pieces.
You spent 50 gold pieces at shops.


Innate Abilities, Weirdness & Mutations

You cannot wear most types of armour.
You are amphibious.
You can wear up to eight rings at the same time.
Your skin changes colour to match your surroundings (Stealth+).
Your rubbery body absorbs attacks. (AC +1, EV +1)
((You are camouflaged when in or above water. (Stealth+)))
You have tentacles for arms and can constrict up to eight enemies at once.


   Skills:
 - Level 3.0 Fighting
 - Level 2.0 Dodging
 - Level 2.6 Stealth
 - Level 4.0 Spellcasting
 + Level 2.5 Conjurations
 + Level 3.9 Fire Magic


You had 6 spell levels left.
You knew the following spells:

 Your Spells              Type           Power      Damage    Failure   Level
f - Foxfire               Conj/Fire      64%        2x1d7     3%          1
s - Sticky Flame          Conj/Fire      16%        2d4       34%         4
X - Scorch                Fire           36%        2d6       4%          2

Your spell library contained the following spells:

 Spells                   Type           Power      Damage    Failure   Level
 Inner Flame              Hex/Fire       11%        N/A       19%         3
 Cigotuvi's Dreadful Rot  Necr/Pois/Air  6%         N/A       21%         2
 Poisonous Vapours        Pois/Air       6%         N/A       21%         2
 Ignite Poison            Fire/Tmut/Pois 8%         N/A       24%         3
 Kindle Blastsparks       Fire/Tloc/Air  16%        2d11      24%         3
 Mephitic Cloud           Conj/Pois/Air  7%         N/A       28%         3
 Flame Wave               Conj/Fire      16%        2d7       34%         4
 Vhi's Electric Charge    Tloc/Air       6%         N/A       38%         3
 Arcjolt                  Conj/Air       4%         1d14      92%         5
 Ignition                 Fire           9%         3d5       100%        8
 Maxwell's Capacitive Co  Air            1%         ∞         100%        8

Inventory:

Hand Weapons
 a - the +5 trident of Weak False Accusations (weapon) {vorpal, SInv}
   (You took it off a kobold on level 2 of the Dungeon)

   It inflicts extra damage upon your enemies.
   SInv:      It lets you see invisible.
 l - a +0 spear
   (You found it on level 1 of the Dungeon)
 r - a +2 short sword of electrocution
   (You found it on level 2 of the Dungeon)
Missiles
 c - 4 boomerangs
 h - 36 stones
 p - 9 poisoned darts
Wands
 u - a wand of digging (7)
   (You found it on level 2 of the Dungeon)
Scrolls
 b - 4 scrolls of identify {@r1}
 d - a scroll of teleportation {unknown}
 f - 2 scrolls of amnesia
 j - a scroll of blinking {!r}
 t - a scroll of enchant armour {unknown}
 v - a scroll of enchant weapon {unknown}
Potions
 e - 2 potions of flight
 g - a potion of mutation {unknown}
 i - a potion of might
 k - a potion of magic
 m - a potion of haste {unknown}
 n - a potion of brilliance {unknown}
 o - 2 potions of lignification {unknown}
 q - a potion of curing {unknown}
 s - a potion of attraction {unknown}

Dungeon Overview and Level Annotations

Branches:
Dungeon (4/15) Zot: 20822
 Temple: D:4-7

Altars:

Shops:
D:2 *

Annotations:
D:3 2 transporters

........)...##.......#..........
#.##..........###.########......
#.##......>D#...#.######...###..
#..#..#####.###....##....### #..
.##..>## #..####.....#### ###
......#### ##.# #.##.†.#
......[..####.####.##.#^#
..##........#..D...#..# # ..
##.....#.####@###.## #
###.....###..# #)# #..#))..#..#
#.# ##.........###.#
###.......##..#
#####........#.#######
.......................
######......##.########
#........†#


You could see a steam dragon (catching breath).


Message History

You are too injured to fight recklessly!
The gnoll hits you with a +0 spear! 😮 HP[-6]
You take 6 damage, and now have 22/42 hp.
You hit the gnoll.
You kill the gnoll!
You see here a +0 spear.
You start resting. 😎 HP[+20]
Your hp is fully restored (42).
You see here a +0 buckler.
You now have 137 gold pieces (gained 13).
Things that are here:
a +0 spear; a gnoll corpse You see here a +0 buckler.
Found a stone staircase leading down.
There is an escape hatch in the floor here.
There is a stone staircase leading down here.
You pick up a book of Vapours and begin reading...
You add the spells Poisonous Vapours, Cigotuvi's Dreadful Rot and Mephitic Cloud to your library.
A ball python comes into view.
A quokka comes into view.
The ball python hisses angrily.
You reach to attack!
You barely miss the ball python.
The quokka twitches its whiskers.
You puncture the ball python!
You kill the ball python!
You barely miss the quokka. You grab the quokka. You constrict the quokka.
The quokka bites you. 😕 HP[-3]
You take 3 damage, and now have 39/42 hp.
You barely miss the quokka.
You constrict the quokka, but do no damage.
The quokka barely misses you. The quokka bites you. 😕 HP[-2]
You take 2 damage, and now have 37/42 hp.
You hit the quokka. You squeeze the quokka.
You kill the quokka! 😕 HP[+1] No target in view!
No target in view!
Found a stone staircase leading up. 😎 HP[+4]
Your hp is fully restored (42).
You now have 150 gold pieces (gained 13).
A kobold comes into view. It is wielding a +0 dagger of speed.
The kobold shouts!
An adder comes into view.
A water moccasin comes into view.
The water moccasin hisses angrily.
There is a stone staircase leading up here.
You climb upwards.
Level annotation: 2 transporters
There is a stone staircase leading down here.
There is a stone staircase leading down here.
You climb downwards.
There is a stone staircase leading up here.
There is a stone staircase leading down here.
There is a stone staircase leading down here.
There is a stone staircase leading down here.
The steam dragon hisses angrily.
Okay, then.
Casting: Scorch (safe; 4% risk of failure)
Confirm with . or Enter, or press ? or * to list all spells.
You can't see any susceptible monsters within range! (Use Z to cast anyway.) Unknown command.
Okay, then.
As you read the scroll of identify {@r1}, it crumbles to dust.
i - 2 potions of might You feel very mighty all of a sudden.
The steam dragon breathes steam at you. The ball of steam hits you! 😮 HP[-16]
You take 16 damage, and now have 26/42 hp.
MASSIVE DAMAGE!! (PAUSE) Reach: a) +5 trident of Weak False Accusations {vorpal, SInv}
Press: ? - help, Dir - move target, f - steam dragon
Aim: a steam dragon (catching its breath, about 37% to evade the +5 trident of Weak False Accusations)
You reach to attack!
You hit the steam dragon.
You are engulfed in a cloud of scalding steam.
* * * LOW HITPOINT WARNING * * *
😨 HP[-8]
You take 8 damage, and now have 18/42 hp.
You are engulfed in a cloud of scalding steam.
* * * LOW HITPOINT WARNING * * *
😱 HP[-8]
You take 8 damage, and now have 10/42 hp.
Okay, then.
You puncture the steam dragon! Your squeeze misses the steam dragon.
The steam dragon bites you!
* * * LOW HITPOINT WARNING * * *
The steam dragon misses you. 😱 HP[-8]
You take 8 damage, and now have 2/42 hp.
You closely miss the steam dragon. Your squeeze misses the steam dragon.
The steam dragon barely misses you. The steam dragon closely misses you.
You completely miss the steam dragon. Your squeeze misses the steam dragon.
The steam dragon breathes steam at you. The ball of steam hits you!
You die...

Skill      XL: |  1  2  3  4  5 |
---------------+----------------+-----
Spellcasting   | 3 4 |  4.0
Fighting       | 2 3 |  3.0
Conjurations   | 2 |  2.5
Dodging        | |  2.0
Stealth        | |  2.6
Fire Magic     | |  3.9

Action                   |  1- 3 |  4- 6 || total
-------------------------+-------+-------++-------
Melee: Unarmed           |    29 |       ||    29
       Tentacles         |     9 |     5 ||    14
       Constrict         |    10 |     6 ||    16
       Trident           |     2 |    60 ||    62
       Punch             |     1 |       ||     1
Throw: Dart              |     5 |       ||     5
       Boomerang         |       |     1 ||     1
 Cast: Foxfire           |    64 |    23 ||    87
       Scorch            |     4 |    10 ||    14
  Use: Scroll            |       |     3 ||     3
       Potion            |       |     1 ||     1
 Stab: Sleeping          |     1 |     7 ||     8
Armor: Skin              |     1 |     2 ||     3
Dodge: Dodged            |    34 |    22 ||    56

Levels and vault maps discovered:
D:1:      psy_arrival_terrarium, layout_loops_ring, minmay_split_cup_small
D:2:      layout_rooms, hellmonk_ecumenical_altar_pennies_from_heaven,
          serial_shops, shop_fountains, chequers_garden, minmay_pentomino_o4
D:3:      gammafunk_steamed_eel, layout_loops_ring, minmay_between,
          uniq_natasha, uniq_terence
D:4:      layout_rooms

Notes
Turn   | Place    | Note
-------+----------+-------------------------------------------
     0 | D:1      | Dramamine the Octopode Fire Elementalist began the quest
                  | for the Orb.
     0 | D:1      | Reached XP level 1. HP: 11/11 MP: 3/3
    12 | D:1      | magus.rc [v1.11.2]
   135 | D:1      | Reached XP level 2. HP: 17/17 MP: 0/5
   346 | D:1      | Upgraded the game from 0.30-a0-457-g4b7bca3bfa to
                  | 0.30-a0-458-g86641cc369
   346 | D:1      | magus.rc [v1.11.2]
   473 | D:1      | You add the spells Ignite Poison, Sticky Flame and Ignition
                  | to your library.
   477 | D:1      | Learned a level 2 spell: Scorch
   500 | D:1      | Reached skill level 3 in Spellcasting
   588 | D:1      | Reached XP level 3. HP: 21/21 MP: 2/7
  1262 | D:2      | Identified the +5 trident of Weak False Accusations
                  | {vorpal, SInv}
  1332 | D:2      | magus.rc [v1.11.2]
  1355 | D:2      | Found a faded altar of an unknown god.
  1393 | D:2      | Reached XP level 4. HP: 19/27 MP: 1/9
  1430 | D:2      | Reached skill level 4 in Spellcasting
  1606 | D:2      | Found Ahidixu's General Store.
  1621 | D:2      | Bought a scroll of amnesia for 40 gold pieces
  1621 | D:2      | Bought a potion of degeneration for 10 gold pieces
  1690 | D:2      | You add the spells Vhi's Electric Charge, Arcjolt and
                  | Maxwell's Capacitive Coupling to your library.
  1740 | D:2      | Reached skill level 1 in Fighting
  1940 | D:3      | Learned a level 4 spell: Sticky Flame
  1968 | D:3      | Noticed Terence
  2009 | D:3      | Noticed Natasha
  2014 | D:3      | Killed Natasha
  2015 | D:3      | Reached skill level 2 in Fighting
  2064 | D:3      | Found a transporter.
  2074 | D:3      | Reached XP level 5. HP: 34/34 MP: 11/11
  2091 | D:3      | Found a transporter.
  2158 | D:3      | Noticed Natasha
  2160 | D:3      | Killed Natasha
  2161 | D:3      | Reached skill level 3 in Fighting
  2262 | D:3      | You fall into a shaft and drop 1 floor!
  2263 | D:4      | Noticed a steam dragon
  2427 | D:3      | Killed Terence
  2815 | D:4      | Reached skill level 2 in Conjurations
  2815 | D:4      | Reached XP level 6. HP: 40/42 MP: 5/12
  3020 | D:4      | You pick up a book of Vapours and begin reading...
  3020 | D:4      | You add the spells Poisonous Vapours, Cigotuvi's Dreadful
                  | Rot and Mephitic Cloud to your library.
  3077 | D:4      | Noticed a water moccasin
  3157 | D:4      | HP: 10/42 [steam dragon] (8)]
  3158 | D:4      | HP: 2/42 [steam dragon (9)]
  3160 | D:4      | Killed from afar by a steam dragon

Vanquished Creatures
  A scorpion (D:4)
  Terence (D:3)
  Natasha (twice) (D:3)
  3 gnolls (D:4)
  5 adders
  A worm (D:3)
  A dart slug (D:2)
  6 bats
  6 endoplasms
  4 giant cockroaches
  6 hobgoblins
  11 jackals
  8 kobolds
  5 quokkas
  5 ball pythons
  2 frilled lizards
  8 goblins
  3 rats
78 creatures vanquished.

Vanquished Creatures (others)
  117 foxfires
117 creatures vanquished.

Grand Total: 195 creatures vanquished

Table legend:
 A = Non-vault XP
 B = Vault XP
 C = Vault XP percentage of total XP
 D = Non-vault monster count
 E = Vault monster count
 F = Vault count percentage of total count
                 A         B        C        D         E       F
            +---------+---------+-------+---------+---------+-------
      Total |     317 |     103 |  24.5 |      67 |      11 |  14.1
            +---------+---------+-------+---------+---------+-------
        D:1 |      41 |       6 |  12.8 |      23 |       3 |  11.5
        D:2 |      53 |      17 |  24.3 |      21 |       3 |  12.5
        D:3 |      89 |      80 |  47.3 |      13 |       5 |  27.8
        D:4 |     134 |       0 |   0.0 |      10 |       0 |   0.0
            +---------+---------+-------+---------+---------+-------

Illustrated notes

Table legend:
 A = Kills in this place as a percentage of kills in entire the game.
 B = Kills by you in this place as a percentage of kills by you in the entire game.
 C = Kills by friends in this place as a percentage of kills by friends in the entire game.
 D = Other kills in this place as a percentage of other kills in the entire game.
 E = Experience gained in this place as a percentage of experience gained in the entire game.
 F = Experience gained in this place divided by the number of levels of this place that you have seen.
                   A       B       C       D       E      F
               +-------+-------+-------+-------+-------+----------------------
         Total | 100.0 | 100.0 |   N/A |   N/A | 100.0 | 105.0
       Dungeon | 100.0 | 100.0 |   N/A |   N/A | 100.0 | 105.0
               +-------+-------+-------+-------+-------+----------------------

Table legend: (Time is in decaauts)
 A = Elapsed time spent in this place.
 B = Non-inter-level travel time spent in this place.
 C = Inter-level travel time spent in this place.
 D = Time resting spent in this place.
 E = Time spent auto-exploring this place.
 F = Levels seen in this place.
 G = Mean time per level.
                   A        B        C        D        E       F      G
               +--------+--------+--------+--------+--------+-----+--------+
         Total |   3175 |   3053 |    122 |    984 |    621 |   4 |  793.8 |
       Dungeon |   3175 |   3053 |    122 |    984 |    621 |   4 |  793.8 |
               +--------+--------+--------+--------+--------+-----+--------+

Top non-repeatable levels by time:
     D:1: 1098 daAuts
     D:3: 878 daAuts
     D:2: 825 daAuts
     D:4: 373 daAuts
